NWL (28 & UNDER)
MOOSE JAW GHOSTBUSTERS @ SAN DIEGO SMASHERS
05/14/2027
 
TOP OF THE 1ST
Moose Jaw Ghostbusters batting - Pitching for San Diego Smashers : LHP Don Sutherland
Pitching: LHP Don Sutherland
Batting: RHB Manuel Pérez 0-0: Called Strike
0-1: Fly out, F8 (Flyball, 89M)
Batting: LHB Dave Stewart 0-0: Foul Ball, location: 2F
0-1: Ball
1-1: Foul Ball, location: 2F
1-2: Strikes out swinging
Batting: RHB David Hernández 0-0: SOLO HOME RUN (Flyball, 7D), Distance : 357 ft
Batting: RHB George Reeves 0-0: Called Strike
0-1: Foul Ball, location: 2F
0-2: Foul Ball, location: 2F
0-2: Ball
1-2: Strikes out swinging
Top of the 1st over - 1 run(s), 1 hit(s), 0 error(s), 0 left on base; Moose Jaw 1 - San Diego 0
BOTTOM OF THE 1ST
San Diego Smashers batting - Pitching for Moose Jaw Ghostbusters : RHP Aaron Green
Pitching: RHP Aaron Green
Batting: LHB Francisco Medina 0-0: Foul Ball, location: 2F
0-1: SINGLE (Groundball, 4M) (infield hit)
Batting: LHB Ramiro Martínez 0-0: Ball
1-0: Called Strike
1-1: Foul Ball, location: 2F
1-2: Ball
2-2: Ball
3-2: Base on Balls
Francisco Medina to second
Batting: LHB Sammy Marshall 0-0: Ball
1-0: Ball
2-0: Ball
3-0: Called Strike
3-1: Called Strike
3-2: Fly out, F5 (Flyball, 5D)
Batting: LHB Ken Phillips 0-0: Ball
1-0: Ball
2-0: Called Strike
2-1: TRIPLE (Flyball, 89XD)
Francisco Medina scores
Ramiro Martínez scores
Batting: RHB Johnny Williams 0-0: Foul Ball, location: 2F
0-1: Called Strike
0-2: Ball
1-2: Ball
2-2: Foul Ball, location: 2F
2-2: Foul Ball, location: 2F
2-2: Strikes out swinging
Batting: RHB John Nelson 0-0: Called Strike
0-1: Swinging Strike
0-2: Strikes out swinging
Bottom of the 1st over - 2 run(s), 2 hit(s), 0 error(s), 1 left on base; Moose Jaw 1 - San Diego 2
TOP OF THE 2ND
Moose Jaw Ghostbusters batting - Pitching for San Diego Smashers : LHP Don Sutherland
Batting: RHB Juan Vázquez 0-0: Ball
1-0: Foul Ball, location: 2F
1-1: Foul Ball, location: 2F
1-2: SINGLE (Groundball, 34) (infield hit)
Batting: SHB Carlos Córdova 0-0: Ball
1-0: Fly out, F9 (Flyball, 89D)
Batting: RHB Paco Hernández 0-0: Ball
1-0: Called Strike
1-1: Foul Ball, location: 2F
1-2: Strikes out swinging
Batting: RHB Dan Hooper 0-0: Called Strike
0-1: Ball
1-1: Called Strike
Juan Vázquez steals 2nd base
1-2: Foul Ball, location: 2F
1-2: Strikes out swinging
Top of the 2nd over - 0 run(s), 1 hit(s), 0 error(s), 1 left on base; Moose Jaw 1 - San Diego 2
BOTTOM OF THE 2ND
San Diego Smashers batting - Pitching for Moose Jaw Ghostbusters : RHP Aaron Green
Batting: RHB Gilberto Guzmán 0-0: Swinging Strike
0-1: Foul Ball, location: 2F
0-2: Ball
1-2: Foul Ball, location: 2F
1-2: Fly out, F8 (Line Drive, 8RS)
Batting: RHB Larry Turner 0-0: SINGLE (Groundball, 56D)
Batting: RHB John Bryant 0-0: Called Strike
0-1: SINGLE (Line Drive, 7LS)
Larry Turner to second
Batting: LHB Francisco Medina 0-0: Ball
1-0: Called Strike
1-1: Fly out, F7 (Flyball, 7LS)
Batting: LHB Ramiro Martínez 0-0: Ball
1-0: Fly out, F7 (Flyball, 7LSF)
Bottom of the 2nd over - 0 run(s), 2 hit(s), 0 error(s), 2 left on base; Moose Jaw 1 - San Diego 2
TOP OF THE 3RD
Moose Jaw Ghostbusters batting - Pitching for San Diego Smashers : LHP Don Sutherland
Batting: RHB Nicholas Harris 0-0: SINGLE (Line Drive, 89S)
Batting: RHB Manuel Pérez 0-0: Ball
1-0: Ball
2-0: Ball
3-0: Called Strike
3-1: Base on Balls
Nicholas Harris to second
Batting: LHB Dave Stewart 0-0: Ball
1-0: Called Strike
1-1: Foul Ball, location: 2F
1-2: Strikes out swinging
Batting: RHB David Hernández 0-0: Ball
1-0: Ball
2-0: Grounds into double play, 5-4-3 (Groundball, 5)
Top of the 3rd over - 0 run(s), 1 hit(s), 0 error(s), 1 left on base; Moose Jaw 1 - San Diego 2
BOTTOM OF THE 3RD
San Diego Smashers batting - Pitching for Moose Jaw Ghostbusters : RHP Aaron Green
Batting: LHB Sammy Marshall 0-0: Called Strike
0-1: Ball
1-1: Foul Ball, location: 2F
1-2: Ball
2-2: Strikes out swinging
Batting: LHB Ken Phillips 0-0: Called Strike
0-1: Ball
1-1: Ground out 4-3 (Groundball, 4)
Batting: RHB Johnny Williams 0-0: Ground out 4-3 (Groundball, 4)
Bottom of the 3rd over - 0 run(s), 0 hit(s), 0 error(s), 0 left on base; Moose Jaw 1 - San Diego 2
TOP OF THE 4TH
Moose Jaw Ghostbusters batting - Pitching for San Diego Smashers : LHP Don Sutherland
Batting: RHB George Reeves 0-0: Foul Ball, location: 2F
0-1: Foul Ball, location: 2F
0-2: Ball
1-2: Foul Ball, location: 2F
1-2: Foul Ball, location: 2F
1-2: Ball
2-2: Fly out, F8 (Line Drive, 78D)
Batting: RHB Juan Vázquez 0-0: Called Strike
0-1: Ball
1-1: Ball
2-1: Fly out, F8 (Flyball, 78M)
Batting: SHB Carlos Córdova 0-0: Ball
1-0: Foul Ball, location: 2F
1-1: Foul Ball, location: 2F
1-2: Foul Ball, location: 2F
1-2: Ball
2-2: Ground out 4-3 (Groundball, 4)
Top of the 4th over - 0 run(s), 0 hit(s), 0 error(s), 0 left on base; Moose Jaw 1 - San Diego 2
BOTTOM OF THE 4TH
San Diego Smashers batting - Pitching for Moose Jaw Ghostbusters : RHP Aaron Green
Batting: RHB John Nelson 0-0: Ball
1-0: Fly out, F7 (Flyball, 7)
Batting: RHB Gilberto Guzmán 0-0: Called Strike
0-1: Ball
1-1: Swinging Strike
1-2: Strikes out swinging
Batting: RHB Larry Turner 0-0: Ball
1-0: Swinging Strike
1-1: Swinging Strike
1-2: Ball
2-2: Strikes out swinging
Bottom of the 4th over - 0 run(s), 0 hit(s), 0 error(s), 0 left on base; Moose Jaw 1 - San Diego 2
TOP OF THE 5TH
Moose Jaw Ghostbusters batting - Pitching for San Diego Smashers : LHP Don Sutherland
Batting: RHB Paco Hernández 0-0: Foul Ball, location: 2F
0-1: Foul Ball, location: 2F
0-2: Strikes out swinging
Batting: RHB Dan Hooper 0-0: Called Strike
0-1: Swinging Strike
0-2: Ball
1-2: Strikes out swinging
Batting: RHB Nicholas Harris 0-0: Called Strike
0-1: Ball
1-1: Swinging Strike
1-2: Strikes out looking and he ARGUES THE CALL AND IS TOSSED!
Top of the 5th over - 0 run(s), 0 hit(s), 0 error(s), 0 left on base; Moose Jaw 1 - San Diego 2
BOTTOM OF THE 5TH
San Diego Smashers batting - Pitching for Moose Jaw Ghostbusters : RHP Aaron Green
Now at 3B: Robert Carter
Batting: RHB John Bryant 0-0: Ball
1-0: Foul Ball, location: 2F
1-1: Ball
2-1: Foul Ball, location: 2F
2-2: DOUBLE (Flyball, 8LXD) - OUT at third base trying to stretch hit.
Batting: LHB Francisco Medina 0-0: Ball
1-0: Called Strike
1-1: Swinging Strike
1-2: Ball
2-2: Foul Ball, location: 2F
2-2: Ball
3-2: Strikes out swinging
Batting: LHB Ramiro Martínez 0-0: Called Strike
0-1: Swinging Strike
0-2: Ball
1-2: Strikes out swinging
Bottom of the 5th over - 0 run(s), 1 hit(s), 0 error(s), 0 left on base; Moose Jaw 1 - San Diego 2
TOP OF THE 6TH
Moose Jaw Ghostbusters batting - Pitching for San Diego Smashers : LHP Don Sutherland
Batting: RHB Manuel Pérez 0-0: Ball
1-0: SINGLE (Groundball, 56) (infield hit)
Batting: LHB Dave Stewart 0-0: Ball
1-0: SINGLE (Line Drive, 56)
Manuel Pérez to second
Batting: RHB David Hernández 0-0: Grounds into double play, 4-6-3 (Groundball, 4)
Manuel Pérez to third
Batting: RHB George Reeves 0-0: Foul Ball, location: 2F
0-1: Foul Ball, location: 2F
0-2: Ball
1-2: Foul Ball, location: 2F
1-2: Ball
2-2: Strikes out swinging
Top of the 6th over - 0 run(s), 2 hit(s), 0 error(s), 1 left on base; Moose Jaw 1 - San Diego 2
BOTTOM OF THE 6TH
San Diego Smashers batting - Pitching for Moose Jaw Ghostbusters : RHP Aaron Green
Batting: LHB Sammy Marshall 0-0: Swinging Strike
0-1: Ball
1-1: Swinging Strike
1-2: Ball
2-2: Strikes out swinging
Batting: LHB Ken Phillips 0-0: Swinging Strike
0-1: Foul Ball, location: 2F
0-2: Ball
1-2: Foul Ball, location: 2F
1-2: Foul Ball, location: 2F
1-2: Foul Ball, location: 2F
1-2: Ball
2-2: Foul Ball, location: 2F
2-2: Fly out, F8 (Line Drive, 89M)
Batting: RHB Johnny Williams 0-0: Ball
1-0: Called Strike
1-1: Ball
2-1: Ball
3-1: Ground out 6-3 (Groundball, 6)
Bottom of the 6th over - 0 run(s), 0 hit(s), 0 error(s), 0 left on base; Moose Jaw 1 - San Diego 2
TOP OF THE 7TH
Moose Jaw Ghostbusters batting - Pitching for San Diego Smashers : LHP Don Sutherland
Batting: RHB Juan Vázquez 0-0: Swinging Strike
0-1: Ball
1-1: Fly out, F8 (Flyball, 89M)
Batting: SHB Carlos Córdova 0-0: Ball
1-0: Foul Ball, location: 2F
1-1: Called Strike
1-2: Strikes out swinging
Batting: RHB Paco Hernández 0-0: Called Strike
0-1: Ball
1-1: Called Strike
1-2: Ball
2-2: Strikes out swinging
Top of the 7th over - 0 run(s), 0 hit(s), 0 error(s), 0 left on base; Moose Jaw 1 - San Diego 2
BOTTOM OF THE 7TH
San Diego Smashers batting - Pitching for Moose Jaw Ghostbusters : RHP Aaron Green
Pitching: RHP Ernesto Mendoza
Batting: RHB John Nelson 0-0: Ground out 4-3 (Groundball, 4)
Batting: RHB Gilberto Guzmán 0-0: Ball
1-0: Ball
2-0: Foul Ball, location: 2F
2-1: Ball
3-1: Called Strike
3-2: Base on Balls
Pinch Hitting: LHB Karl Hill 0-0: Called Strike
0-1: Swinging Strike
0-2: Strikes out swinging
Batting: RHB John Bryant 0-0: Ball
Gilberto Guzmán is caught stealing 2nd base
Bottom of the 7th over - 0 run(s), 0 hit(s), 0 error(s), 0 left on base; Moose Jaw 1 - San Diego 2
TOP OF THE 8TH
Moose Jaw Ghostbusters batting - Pitching for San Diego Smashers : LHP Don Sutherland
Now at SS: Felipe Lópes
Now in RF: Ricardo Guzmán
Batting: RHB Dan Hooper 0-0: Ball
1-0: SOLO HOME RUN (Flyball, 78XD), Distance : 392 ft
Pinch Hitting: RHB John Major 0-0: Called Strike
0-1: Fly out, F9 (Flyball, 9LSF)
Pitching: RHP Joe Shoemaker
Batting: RHB Manuel Pérez 0-0: Ball
1-0: Fly out, F8 (Line Drive, 8LM)
Pitching: LHP Raymond Ritchie
Pinch Hitting: RHB Shawn Bane 0-0: Called Strike
0-1: Ball
1-1: Ball
2-1: Called Strike
2-2: Fly out, F9 (Flyball, 9)
Top of the 8th over - 1 run(s), 1 hit(s), 0 error(s), 0 left on base; Moose Jaw 2 - San Diego 2
BOTTOM OF THE 8TH
San Diego Smashers batting - Pitching for Moose Jaw Ghostbusters : RHP Ernesto Mendoza
Now at 2B: John Major
Now in CF: John Christopher
Batting: RHB John Bryant 0-0: Ground out 5-3 (Groundball, 5)
Batting: LHB Francisco Medina 0-0: Ball
1-0: Foul Ball, location: 2F
1-1: Ball
2-1: Ball
3-1: Base on Balls
Batting: LHB Ramiro Martínez 0-0: Ball
1-0: SINGLE (Groundball, 3D)
Francisco Medina to second
Runner from 2nd tries for 3rd, SAFE, throw made to third
Ramiro Martínez to second
Batting: LHB Sammy Marshall 0-0: Intentional Walk
Batting: LHB Ken Phillips 0-0: Foul Ball, location: 2F
0-1: Swinging Strike
0-2: Ball
1-2: Ball
2-2: Foul Ball, location: 2F
2-2: Foul Ball, location: 2F
2-2: Foul Ball, location: 2F
2-2: Ball
3-2: Foul Ball, location: 2F
3-2: Fly out, F5 (Popup, 5S)
Batting: RHB Ricardo Guzmán 0-0: Ball
1-0: Foul Ball, location: 2F
1-1: SINGLE (Groundball, 5) (infield hit)
Francisco Medina scores
Ramiro Martínez to third
Sammy Marshall to second
Pinch Hitting: RHB Marty Hendrickson 0-0: Ball
1-0: Ball
2-0: Ball
3-0: Called Strike
3-1: Base on Balls
Ramiro Martínez scores
Sammy Marshall to third
Ricardo Guzmán to second
Pitching: RHP Whit Johnson
Batting: RHB Gilberto Guzmán 0-0: Called Strike
0-1: Ball
1-1: Swinging Strike
1-2: Fly out, F8 (Flyball, 8RM)
Bottom of the 8th over - 2 run(s), 2 hit(s), 0 error(s), 3 left on base; Moose Jaw 2 - San Diego 4
TOP OF THE 9TH
Moose Jaw Ghostbusters batting - Pitching for San Diego Smashers : LHP Raymond Ritchie
Pitching: LHP Jesús Martínez
Now at 3B: David Jones
Batting: RHB David Hernández 0-0: Foul Ball, location: 2F
0-1: Called Strike
0-2: Strikes out swinging
Batting: RHB George Reeves 0-0: Ball
1-0: Ball
2-0: Ball
3-0: Called Strike
3-1: Base on Balls
Batting: RHB Juan Vázquez 0-0: Ball
1-0: Foul Ball, location: 2F
1-1: Ball
2-1: Ball
3-1: Base on Balls
George Reeves to second
Pinch Hitting: RHB Don Hooper 0-0: Ball
1-0: Foul Ball, location: 2F
1-1: Foul Ball, location: 2F
1-2: Strikes out looking
Batting: RHB Paco Hernández 0-0: Called Strike
0-1: Ball
1-1: Ball
2-1: Foul Ball, location: 2F
2-2: Strikes out swinging
Top of the 9th over - 0 run(s), 0 hit(s), 0 error(s), 2 left on base; Moose Jaw 2 - San Diego 4
Thursday, March 30th, 2017 - OOTP Baseball 17.12 Build 75